 Dungeon Crawl Stone Soup version 0.30-a0-603-g51a0fb1b98 (webtiles) character file.

Game seed: 11490535897741731545

11038 funkygono the Thaumaturge (level 11, 0/61 (72) HPs)
             Began as a Demonspawn Fire Elementalist on Jan 6, 2023.
             Was an Elder of Vehumet.
             Slain by an acid dragon (6 damage)
             ... in a Gauntlet on Jan 7, 2023.
             The game lasted 00:26:45 (13527 turns).

funkygono the Thaumaturge (DsFE)                   Turns: 13527, Time: 00:26:45

HP:   0/61 (72)     AC: 15    Str: 11    XL:     11   Next: 44%
MP:   20/26         EV: 13    Int: 20    God:    Vehumet [****..]
Gold: 1978          SH:  0    Dex: 14    Spells: 9/32 levels left

rFire   . . .      SeeInvis .    b - +2 mace (protect)
rCold   . . .      Faith    .    (no shield)
rNeg    + + +      Spirit   .    G - +2 robe "Vueh" {Str+4}
rPois   .          Reflect  .    F - +0 helmet
rElec   +          Harm     .    m - +1 cloak
rCorr   .          Rampage  .    t - +1 pair of gloves
Will    .....      NoTele   +    W - +2 pair of boots of Heoxyaf {Drain rElec rN+++ Str-2}
Stlth   ++                       e - amulet of the acrobat
HPRegen 0.30/turn                I - ring of wizardry
MPRegen 0.20/turn                S - +4 ring of protection

@: corroded, heavily drained
A: hooves 2, thin metallic scales 2, demonic magic 2
a: Renounce Religion


You were in a Gauntlet.
You worshipped Vehumet.
Vehumet was greatly pleased with you.
You visited 3 branches of the dungeon, and saw 13 of its levels.
You also visited: Sewer and Gauntlet.

You collected 1978 gold pieces.

Inventory:

Hand Weapons
 b - a +2 mace of protection (weapon)
 D - a +4 quarterstaff of chaos
 L - a +3 whip
 R - the +7 long sword of Enwobog {freeze, rN+ Int+2}
   (You took it off a centaur on level 10 of the Dungeon)

   Int:       It affects your intelligence (+2).
   rN:        It protects you from negative energy.
Armour
 a - a scarf of repulsion
 m - a +1 cloak (worn)
 t - a +1 pair of gloves (worn)
 x - the +0 scale mail of Anaesthesia {Int+3}
   (You found it on level 4 of the Dungeon)

   Int:       It affects your intelligence (+3).
 F - a +0 helmet (worn)
 G - the +2 robe "Vueh" (worn) {Str+4}
   (You found it on level 8 of the Dungeon)

   Str:       It affects your strength (+4).
 N - a +0 troll leather armour
 W - the +2 pair of boots of Heoxyaf (worn) {Drain rElec rN+++ Str-2}
   (You found it on level 11 of the Dungeon)

   Str:       It affects your strength (-2).
   rElec:     It insulates you from electricity.
   rN:        It renders you almost immune to negative energy.
   Drain:     It drains your maximum health when unequipped.
Jewellery
 e - an amulet of the acrobat (around neck)
 I - a ring of wizardry (left hand)
 S - a +4 ring of protection (right hand)
Wands
 C - a wand of flame (1)
 M - a wand of roots (6)
 U - a wand of mindburst (9)
Scrolls
 p - 4 scrolls of amnesia
 u - a scroll of summoning
 w - 5 scrolls of teleportation
 J - a scroll of poison
 K - 3 scrolls of identify
 O - a scroll of enchant armour
 V - a scroll of fog
Potions
 c - 2 potions of resistance
 h - 2 potions of mutation
 j - 3 potions of flight
 k - 4 potions of curing
 n - 2 potions of magic
 o - 3 potions of haste
 r - 2 potions of invisibility
 E - 2 potions of ambrosia


   Skills:
 + Level 1.9 Fighting
 + Level 1.5 Maces & Flails
 + Level 3.2 Dodging
 - Level 1.7 Stealth
 + Level 11.0 Spellcasting
 + Level 7.6 Conjurations
 + Level 10.4 Fire Magic


You had 9 spell levels left.
You knew the following spells:

 Your Spells              Type           Power      Damage    Failure   Level
a - Foxfire               Conj/Fire      100%       2x1d9     1%          1
b - Scorch                Fire           100%       2d10      1%          2
c - Kindle Blastsparks    Fire/Tloc/Air  50%        2d14      1%          3
d - Flame Wave            Conj/Fire      47%        2d12      1%          4
e - Kiss of Death         Conj/Necr      100%       2d13      1%          1
f - Searing Ray           Conj           82%        2d7       1%          2
g - Momentum Strike       Conj/Tloc      52%        3d9       1%          2
h - Lightning Bolt        Conj/Air       13%        1d26      4%          5
i - Ignite Poison         Fire/Tmut/Pois 25%        N/A       1%          3

Your spell library contained the following spells:

 Spells                   Type           Power      Damage    Failure   Level
 Inner Flame              Hex/Fire       32%        N/A       1%          3
 Fulminant Prism          Conj/Hex       13%        3d8       1%          4
 Iskenderun's Mystic Bla  Conj/Tloc      26%        2d7       1%          4
 Apportation              Tloc           22%        N/A       2%          1
 Necrotise                Necr           44%        1d6       2%          1
 Summon Small Mammal      Summ           44%        N/A       2%          1
 Frozen Ramparts          Ice            22%        1d4       2%          3
 Sublimation of Blood     Necr           11%        N/A       4%          2
 Irradiate                Conj/Tmut      13%        3d16      4%          5
 Airstrike                Air            5%         2d(1-17)  7%          4
 Call Canine Familiar     Summ           11%        N/A       8%          3
 Ozocubu's Armour         Ice            11%        N/A       8%          3
 Portal Projectile        Hex/Tloc       22%        N/A       8%          3
 Summon Guardian Golem    Hex/Summ       11%        N/A       8%          3
 Tukima's Dance           Hex            11%        N/A       8%          3
 Lee's Rapid Deconstruct  Erth           5%         3d6*      17%         5
 Yara's Violent Unravell  Hex/Tmut       5%         3d4       17%         5
 Ice Form                 Ice/Tmut       11%        N/A       24%         4
 Leda's Liquefaction      Hex/Erth       5%         N/A       24%         4
 Passage of Golubria      Tloc           11%        N/A       24%         4
 Petrify                  Tmut/Erth      11%        N/A       24%         4
 Summon Ice Beast         Ice/Summ       11%        N/A       24%         4
 Summon Lightning Spire   Summ/Air       11%        N/A       24%         4
 Metabolic Englaciation   Hex/Ice        5%         N/A       52%         5
 Simulacrum               Ice/Necr       5%         N/A       97%         6


Dungeon Overview and Level Annotations

Branches:
Dungeon (11/15)            Temple (1/1) D:4            Lair (1/5) D:11
    Orc (0/2) D:9           Sewer (visited)         Gauntlet (1/1)

Altars:
Ashenzari
Cheibriados
Dithmenos
Fedhas
Gozag
Hepliaklqana
Kikubaaqudgha
Makhleb
Nemelex Xobeh
Okawaru
Qazlal
Ru
Sif Muna
Trog
Uskayaw
Vehumet
Wu Jian
Xom
Yredelemnul

Shops:
D:4 [   D:10 (

Annotations:
D:9 1 runed translucent door, kae's ghost, novice DsTm Gauntlet 11 transporters, 24 runed translucent doors, exclusion: oklob plant


Innate Abilities, Weirdness & Mutations

You have hoof-like feet.
You are mostly covered in thin metallic scales. (AC +3)
Spells you cast may paralyse nearby enemies.


Message History

The acid dragon completely misses you.
The acid dragon claws you but does no damage.
The acid dragon spits acid at you. The splash of acid hits you!!
The acid corrodes you! The oklob plant spits acid at you.
The splash of acid hits you!!
* * * LOW HITPOINT WARNING * * *
The acid dragon attacks as you move away!
The acid dragon barely misses you. The acid dragon misses you.
Casting: Flame Wave (safe; 1% risk of failure)
Confirm with . or Enter, or press ? or * to list all spells.
Okay, then.
Okay, then.
Casting: Flame Wave (safe; 1% risk of failure)
Confirm with . or Enter, or press ? or * to list all spells.
Casting: Flame Wave (safe; 1% risk of failure)
Press: ? - help, Dir - look around, f - activate A wave of flame ripples out!
The flame wave engulfs the acid dragon!
The acid dragon is moderately wounded. (Press . to intensify the flame waves.) Malevolent energies surge around you.
The acid dragon suddenly stops moving!
Unknown command.
A wave of flame ripples out!
The flame wave engulfs the acid dragon!
The acid dragon is severely wounded.
A wave of flame ripples out!
The flame wave engulfs the acid dragon!
You kill the acid dragon!
Vehumet accepts your kill.
You feel your power returning.
The flame wave engulfs the acid dragon.
The acid dragon is lightly wounded.
Casting: Flame Wave (safe; 1% risk of failure)
Confirm with . or Enter, or press ? or * to list all spells.
Aiming: Kiss of Death (safe; 1% risk of failure)
Press: ? - help, Shift-Dir - straight line, f - acid dragon
Aim: an acid dragon (lightly wounded, 100% to hit)
The negative energy hits the acid dragon!!
The acid dragon is drained!
The acid dragon is almost dead.
You feel drained. Malevolent energies surge around you.
The acid dragon bites you.
You die...

##......∩...................
##≈#§#≈..#########..#######
######..#.......#..#ZZ....
#≈..#.##.P..#..#Z#+###
##..#.##....####.#..≈#
#≈.©#..©###©#©©#.#.©~#
##..#...###[####.#..~#
#≈..#D#.###!#..#.#+###
##..#@......#..#......
#≈..#########..#######
##.........§..........
#≈.§.§.......§..§.....
##≈#≈#≈#≈#≈#§#≈#§#≈#≈#
#####################


You could see an oklob plant and an acid dragon (drained).

Vanquished Creatures
  A two-headed ogre (D:11)
  A cyclops (D:11)
  A manticore (D:11)
  Psyche (D:9)
  A komodo dragon (D:11)
  5 trolls
  A hornet (D:11)
  2 wraiths
  A shadow (D:11)
  A water elemental (D:11)
  A wyvern (D:9)
  Grum (D:9)
  9 yaks (Lair:1)
  4 vampire mosquitoes (D:11)
  Menkaure (D:7)
  An acid dragon (Gauntlet)
  A water moccasin (Lair:1)
  Duvessa (D:7)
  A sky beast (D:7)
  5 orc warriors
  2 black bears
  An ogre (D:4)
  4 centaurs
  6 wolves
  A phantom (D:6)
  4 kobold brigands
  2 gnoll sergeants
  2 necrophages
  5 bullfrogs
  3 scorpions
  8 wights
  Dowan (D:7)
  3 electric eels (D:11)
  7 howler monkeys
  5 orc priests
  2 jellies
  6 hounds
  Crazy Yiuf (D:7)
  4 gnoll boudas
  2 iguanas (D:6)
  6 orc wizards
  25 gnolls
  12 adders
  A shadow imp (D:5)
  An ufetubus (D:6)
  4 worms
  3 dart slugs
  38 orcs
  4 bats
  5 endoplasms
  7 giant cockroaches
  6 goblins
  6 hobgoblins
  6 jackals (D:4)
  17 kobolds
  8 quokkas
  10 ball pythons
  9 frilled lizards
  6 rats
283 creatures vanquished.

Vanquished Creatures (others)
  952 foxfires
  3 fungi (D:7)
  2 plants (Lair:1)
957 creatures vanquished.

Grand Total: 1240 creatures vanquished

Notes
Turn   | Place    | Note
-------+----------+-------------------------------------------
     0 | D:1      | funkygono the Demonspawn Fire Elementalist began the quest
                  | for the Orb.
     0 | D:1      | Reached XP level 1. HP: 13/13 MP: 3/3
   642 | D:2      | Gained mutation: You are partially covered in thin metallic
                  | scales. (AC +2) [demonic ancestry]
   642 | D:2      | Reached XP level 2. HP: 19/19 MP: 3/5
   645 | D:2      | Learned a level 2 spell: Scorch
  1046 | D:2      | Reached XP level 3. HP: 24/24 MP: 4/6
  1814 | D:3      | Learned a level 3 spell: Kindle Blastsparks
  2201 | D:3      | Found an opulent altar of Gozag.
  2463 | D:3      | Gained mutation: Spells you cast may paralyse adjacent
                  | enemies. [demonic ancestry]
  2463 | D:3      | Reached XP level 4. HP: 30/30 MP: 1/8
  2544 | D:3      | Reached skill level 3 in Spellcasting
  2797 | D:3      | Found a faded altar of an unknown god.
  2819 | D:3      | Found an ornate altar of the Wu Jian Council.
  3075 | D:4      | Gained mutation: Spells you cast may paralyse nearby
                  | enemies. [demonic ancestry]
  3075 | D:4      | Reached XP level 5. HP: 34/35 MP: 3/9
  3078 | D:4      | Identified the +0 scale mail of Anaesthesia {Int+3}
  3214 | D:4      | Found Jextizul's Armour Boutique.
  3398 | D:4      | Noticed an ogre
  3405 | D:4      | Killed an ogre
  3568 | D:4      | Found a staircase to the Ecumenical Temple.
  3577 | Temple   | Entered the Ecumenical Temple
  3585 | Temple   | Became a worshipper of Vehumet
  3708 | D:4      | Found a sacrificial altar of Ru.
  3773 | D:4      | Gained mutation: You have large cloven feet. [demonic
                  | ancestry]
  3773 | D:4      | Reached XP level 6. HP: 41/41 MP: 6/11
  4158 | D:4      | Learned a level 4 spell: Flame Wave
  4713 | D:5      | Entered Level 5 of the Dungeon
  4797 | D:5      | Reached skill level 4 in Spellcasting
  4800 | D:5      | Reached skill level 5 in Fire Magic
  4900 | D:5      | Reached XP level 7. HP: 28/46 MP: 9/13
  4942 | D:5      | Reached * piety under Vehumet
  4942 | D:5      | Offered knowledge of Kiss of Death by Vehumet.
  5270 | D:5      | Found a glowing drain.
  5282 | Sewer    | Entered a sewer
  5285 | Sewer    | Reached skill level 1 in Maces & Flails
  5519 | Sewer    | Reached skill level 5 in Spellcasting
  5709 | Sewer    | Reached skill level 1 in Fighting
  6386 | D:5      | Learned a level 1 spell: Kiss of Death
  6388 | D:5      | Identified a scroll of acquirement
  6388 | D:5      | Acquired 1215 gold pieces
  6487 | D:6      | Gained mutation: You have hoof-like feet. [demonic
                  | ancestry]
  6487 | D:6      | Reached XP level 8. HP: 54/54 MP: 10/16
  6722 | D:6      | Reached skill level 6 in Spellcasting
  6768 | D:6      | Identified the +8 short sword of the Nexus {flame, rElec
                  | Will+ Int-5}
  7175 | D:6      | Offered knowledge of Searing Ray by Vehumet.
  7179 | D:6      | Reached ** piety under Vehumet
  7604 | D:6      | Learned a level 2 spell: Searing Ray
  7747 | D:7      | Found a runed translucent door.
  7748 | D:7      | Noticed Crazy Yiuf
  7769 | D:7      | Noticed Menkaure
  7776 | D:7      | Killed Menkaure
  7908 | D:7      | Found a shimmering altar of Xom.
  8091 | D:7      | Noticed Dowan
  8093 | D:7      | Noticed Duvessa
  8095 | D:7      | Reached XP level 9. HP: 54/59 MP: 10/19
  8097 | D:7      | Killed Dowan
  8098 | D:7      | Reached skill level 7 in Spellcasting
  8101 | D:7      | Killed Duvessa
  8207 | D:7      | Found a stormy altar of Qazlal.
  8599 | D:7      | Killed Crazy Yiuf
  8846 | D:8      | Reached skill level 5 in Conjurations
  8853 | D:8      | Offered knowledge of Momentum Strike by Vehumet.
  9088 | D:8      | Identified the +2 robe "Vueh" {Str+4}
  9105 | D:8      | Reached skill level 8 in Spellcasting
  9314 | D:8      | Reached *** piety under Vehumet
  9761 | D:8      | Learned a level 2 spell: Momentum Strike
  9969 | D:9      | Noticed Grum
  9970 | D:9      | Offered knowledge of Airstrike by Vehumet.
  9971 | D:9      | Gained mutation: You are mostly covered in thin metallic
                  | scales. (AC +3) [demonic ancestry]
  9971 | D:9      | Reached XP level 10. HP: 44/67 MP: 12/22
  9974 | D:9      | Killed Grum
 10240 | D:9      | Noticed Psyche
 10246 | D:9      | Killed Psyche
 10247 | D:9      | Reached skill level 9 in Spellcasting
 10831 | D:9      | Found a runed translucent door.
 10831 | D:9      | Noticed kae's ghost (novice DsTm)
 10855 | D:9      | Found a staircase to the Orcish Mines.
 11189 | D:9      | Learned a level 5 spell: Lightning Bolt
 11189 | D:9      | Upgraded the game from 0.30-a0-595-g91969c0fa5 to
                  | 0.30-a0-603-g51a0fb1b98
 11207 | D:10     | Entered Level 10 of the Dungeon
 11338 | D:10     | Reached **** piety under Vehumet
 11695 | D:10     | Identified the +7 long sword of Enwobog {freeze, rN+ Int+2}
 11703 | D:10     | Found a sparkling altar of Nemelex Xobeh.
 11724 | D:10     | Offered knowledge of Ignite Poison by Vehumet.
 11838 | D:10     | Found Komisch's Weapon Shop.
 11861 | D:10     | Learned a level 3 spell: Ignite Poison
 12050 | D:11     | Reached skill level 10 in Spellcasting
 12242 | D:11     | Noticed a manticore
 12248 | D:11     | Killed a manticore
 12409 | D:11     | Reached XP level 11. HP: 72/72 MP: 21/25
 12471 | D:11     | Found a staircase to the Lair.
 12486 | D:11     | Identified the +2 pair of boots of Heoxyaf {Drain rElec
                  | rN+++ Str-2}
 12580 | D:11     | Noticed a two-headed ogre
 12588 | D:11     | Killed a two-headed ogre
 12589 | D:11     | Reached skill level 10 in Fire Magic
 13046 | Lair:1   | Entered Level 1 of the Lair of Beasts
 13098 | Lair:1   | Reached skill level 11 in Spellcasting
 13154 | Lair:1   | Found a gate leading to a gauntlet.
 13166 | Gauntlet | Entered a Gauntlet
 13166 | Gauntlet | Noticed an oklob plant
 13166 | Gauntlet | Found a transporter.
 13166 | Gauntlet | Found a transporter.
 13166 | Gauntlet | Found a transporter.
 13168 | Gauntlet | Found a transporter.
 13169 | Gauntlet | Found a transporter.
 13172 | Gauntlet | Found a transporter.
 13176 | Gauntlet | Found a runed translucent door.
 13176 | Gauntlet | Found a runed translucent door.
 13184 | Gauntlet | Found a transporter.
 13185 | Gauntlet | Found a transporter.
 13186 | Gauntlet | Found a transporter.
 13187 | Gauntlet | Found a transporter.
 13187 | Gauntlet | Found a large runed translucent door.
 13188 | Gauntlet | Found a large runed translucent door.
 13189 | Gauntlet | Found a large runed translucent door.
 13189 | Gauntlet | Found a large runed translucent door.
 13189 | Gauntlet | Found a runed translucent door.
 13190 | Gauntlet | Found a large runed translucent door.
 13191 | Gauntlet | Found a large runed translucent door.
 13192 | Gauntlet | Found a large runed translucent door.
 13192 | Gauntlet | Found a large runed translucent door.
 13193 | Gauntlet | Found a runed translucent gate.
 13193 | Gauntlet | Found a runed translucent gate.
 13193 | Gauntlet | Noticed a death scarab
 13194 | Gauntlet | Found a runed translucent door.
 13194 | Gauntlet | Found a runed translucent gate.
 13194 | Gauntlet | Noticed a death scarab
 13194 | Gauntlet | Noticed a death scarab
 13194 | Gauntlet | Noticed a death scarab
 13195 | Gauntlet | Found a transporter.
 13198 | Gauntlet | Found a transporter.
 13205 | Gauntlet | Found a large runed translucent door.
 13205 | Gauntlet | Found a large runed translucent door.
 13206 | Gauntlet | Found a large runed translucent door.
 13207 | Gauntlet | Found a large runed translucent door.
 13218 | Gauntlet | Found a large runed translucent door.
 13218 | Gauntlet | Found a large runed translucent door.
 13219 | Gauntlet | Found a large runed translucent door.
 13220 | Gauntlet | Found a large runed translucent door.
 13305 | Gauntlet | Found a runed translucent door.
 13527 | Gauntlet | Slain by an acid dragon

Illustrated notes

Levels and vault maps discovered:
D:1:      saegor_arrival_simple_e, layout_rooms, serial_forest,
          infiniplex_forest_straight_2, infiniplex_forest_lined_room_,
          infiniplex_forest_end_3, infiniplex_forest_straight_4,
          infiniplex_forest_lined_ring
D:2:      layout_loops_cross, minmay_pentomino_pile
D:3:      layout_loops_ring, nicolae_overflow_ecumenical_swirl,
          mainiacjoe_overflow_concentric_impassable, minmay_snake_closets
D:4:      layout_gridville, nicolae_ru_the_path_less_chosen,
          minmay_temple_entry_junction, serial_shops,
          nicolae_shop_hallway_stairs
D:5:      layout_loops_ring, cheibrodos_sewer_entry_bend
D:6:      layout_loops_ring, serial_bayou_pond_e
D:7:      layout_loops_ring, overflow_temple_1_default, xom_teletrap_fun,
          uniq_menkaure, uniq_crazy_yiuf_cottage, uniq_duvessa
D:8:      layout_cave_pools
D:9:      layout_gridville, hiddenorc1_lemuel, gammafunk_ghost_grave,
          hangedman_decor_clover_reticule, uniq_grum, uniq_psyche
D:10:     layout_roguey, nemelex_diamond_rough_becter, serial_shops,
          nicolae_lakefront_shop
D:11:     layout_small_grid, erik_lair_island
Temple:   lightli_temple_of_artemis
Lair:1:   layout_hall_layers, gauntlet_entry_generic, dreamdust_gnoll_shepherd,
          grunt_megastairs_4
Gauntlet: minmay_gauntlet_mixed_big_or_small [nicolae_gauntlet_swirl,
          minmay_gauntlet_arena_77_block_sizes,
          gammafunk_gauntlet_arena_split_diamond,
          minmay_gauntlet_arena_77_shame_cube,
          minmay_gauntlet_arena_make_your_own_arena,
          minmay_gauntlet_arena_77_path, nicolae_gauntlet_exit_dead_adventurers]

Skill      XL: |  1  2  3  4  5  6  7  8  9 10 11 |
---------------+----------------------------------+-----
Fire Magic     | 3 4 5 7 8 9 10 | 10.4
Dodging        | 2 3 |  3.2
Spellcasting   | 3 4 5 6 8 10 11 | 11.0
Conjurations   | 2 3 4 5 7 |  7.6
Maces & Flails | 1 |  1.5
Fighting       | 1 |  1.9
Stealth        | |  1.7

Action                   |  1- 3 |  4- 6 |  7- 9 | 10-12 || total
-------------------------+-------+-------+-------+-------++-------
Melee: Club              |     3 |    13 |    78 |       ||    94
       Mace              |       |       |    10 |    10 ||    20
       Punch             |       |       |     1 |       ||     1
 Cast: Foxfire           |    74 |    65 |   225 |   175 ||   539
       Scorch            |     6 |    19 |    62 |    34 ||   121
       Kindle Blastspark |       |     1 |       |       ||     1
       Flame Wave        |       |       |     8 |     8 ||    16
       Lightning Bolt    |       |       |       |     3 ||     3
       Kiss of Death     |       |       |       |     1 ||     1
  Use: Scroll            |       |    17 |    10 |     3 ||    30
       Potion            |       |     1 |     2 |       ||     3
 Stab: Paralysed         |       |     7 |    28 |     4 ||    39
Armor: Robe              |     2 |    15 |    34 |    18 ||    69
       Skin              |       |       |    56 |       ||    56
Dodge: Dodged            |    15 |    34 |    50 |    35 ||   134

Table legend: (Time is in decaauts)
 A = Elapsed time spent in this place.
 B = Non-inter-level travel time spent in this place.
 C = Inter-level travel time spent in this place.
 D = Time resting spent in this place.
 E = Time spent auto-exploring this place.
 F = Levels seen in this place.
 G = Mean time per level.
                   A        B        C        D        E       F      G
               +--------+--------+--------+--------+--------+-----+--------+
         Total |  13658 |  13295 |    363 |    345 |  10331 |  15 |  910.5 |
       Dungeon |  12335 |  11983 |    352 |    327 |   9623 |  11 | 1121.4 |
        Temple |    109 |     98 |     11 |      0 |     89 |   1 |  109.0 |
          Lair |    120 |    120 |      0 |     18 |      0 |   1 |  120.0 |
         Sewer |    732 |    732 |      0 |      0 |    618 |   1 |  732.0 |
      Gauntlet |    360 |    360 |      0 |      0 |      0 |   1 |  360.0 |
               +--------+--------+--------+--------+--------+-----+--------+

Top non-repeatable levels by time:
     D:4: 1534 daAuts
     D:9: 1427 daAuts
     D:3: 1384 daAuts
     D:6: 1233 daAuts
    D:11: 1170 daAuts
     D:7: 1145 daAuts
     D:5: 1075 daAuts
     D:2: 1054 daAuts
     D:8: 1000 daAuts
   Sewer: 732 daAuts
    D:10: 679 daAuts
     D:1: 629 daAuts
Gauntlet: 360 daAuts
  Lair:1: 120 daAuts
  Temple: 109 daAuts
